 Dungeon Crawl Stone Soup version 0.27.0-1-g7a089689b8 (webtiles) character file.

Game seed: 7197242549237072080

3036 raph the Spear-Bearer (level 9, -1/73 HPs)
             Began as a Minotaur Fighter on Aug 4, 2021.
             Was an Elder of the Shining One.
             Slain by Harold (6 damage)
             ... on level 7 of the Dungeon.
             The game lasted 00:09:20 (6331 turns).

raph the Spear-Bearer (Minotaur Fighter)            Turns: 6331, Time: 00:09:21

Health: -1/73      AC: 14    Str: 26    XL:     9   Next: 56%
Magic:  6/9        EV:  9    Int:  5    God:    the Shining One [****..]
Gold:   293        SH: 17    Dex: 14    Spells: 8/8 levels left

rFire    . . .     SeeInvis .   a - +1 trident
rCold    . . .     Faith    .   c - +0 kite shield
rNeg     + + .     Spirit   .   b - +0 scale mail
rPois    .         Reflect  .   (helmet restricted)
rElec    .         Harm     .   h - +1 cloak
rCorr    .         Rampage  .   k - +2 pair of gloves
Will     .....                  n - +1 pair of boots
Stlth    ..........             (no amulet)
HPRegen  0.22/turn              s - +6 ring of strength
MPRegen  0.11/turn              m - ring of flight

@: mighty, divinely shielded, marked, flying, glowing
A: horns 2, retaliatory headbutt
a: Renounce Religion, Divine Shield, Cleansing Flame


You were on level 7 of the Dungeon.
You worshipped the Shining One.
The Shining One was greatly pleased with you.
You visited 1 branch of the dungeon, and saw 7 of its levels.

You collected 293 gold pieces.

Inventory:

Hand Weapons
 a - a +1 trident (weapon)
Armour
 b - a +0 scale mail (worn)
 c - a +0 kite shield (worn)
 h - a +1 cloak (worn)
 k - a +2 pair of gloves (worn)
 n - a +1 pair of boots (worn)
 x - +0 steam dragon scales
Jewellery
 m - a ring of flight (right hand)
 r - a ring of fire
 s - a +6 ring of strength (left hand)
Wands
 o - a wand of flame (15)
 q - a wand of iceblast (19)
 w - a wand of polymorph (4)
Scrolls
 i - 4 scrolls of teleportation
 j - 2 scrolls of identify
 u - a scroll of enchant weapon
 v - a scroll of blinking
Potions
 d - a potion of might
 e - 3 potions of lignification
 f - 3 potions of brilliance
 g - a potion of mutation
 l - 2 potions of attraction
 p - 2 potions of resistance
 t - 2 potions of haste


   Skills:
 + Level 4.8 Fighting
 - Level 14.0 Polearms
 + Level 4.8 Armour
 + Level 2.5 Dodging
 - Level 4.3 Shields
 + Level 2.3 Invocations


You had 8 spell levels left.
You didn't know any spells.
Your spell library contained the following spells:

 Spells                   Type           Power      Damage    Failure   Level
 Beastly Appendage        Tmut           0%         N/A       99%         1
 Foxfire                  Conj/Fire      0%         2x1d4     99%         1
 Sting                    Tmut/Pois      0%         1d3       99%         1
 Passwall                 Tmut/Erth      0%         N/A       100%        2
 Conjure Flame            Conj/Fire      0%         6-21      100%        3
 Inner Flame              Hex/Fire       0%         N/A       100%        3
 Swiftness                Air            0%         N/A       100%        3
 Ice Form                 Ice/Tmut       0%         N/A       100%        4
 Iskenderun's Battlesphe  Conj           0%         2d6       100%        5
 Invisibility             Hex            0%         N/A       100%        6
 Iron Shot                Conj/Erth      0%         9d1       100%        6
 Spellforged Servitor     Conj/Summ      0%         N/A       100%        7


Dungeon Overview and Level Annotations

Branches:
Dungeon (7/15)             Temple (0/1) D:6

Altars:
Ashenzari
Kikubaaqudgha
Okawaru
Wu Jian
Zin
The Shining One

Annotations:
D:3 3 runed translucent doors, MajorAdolf's ghost, amateur NaWn
D:7 Harold


Innate Abilities, Weirdness & Mutations

You have a pair of horns on your head.
You reflexively headbutt those who attack you in melee.


Message History

You headbutt Harold.
Harold is lightly wounded.
Harold hits you with a +5 war axe of freezing.
Harold freezes you.
You barely miss Harold. You headbutt Harold.
Harold is moderately wounded.
Harold hits you with a +5 war axe of freezing!!
Harold freezes you.
You hit Harold. You headbutt Harold.
Harold is moderately wounded.
Harold hits you with a +5 war axe of freezing!!
Harold freezes you.
You are too injured to fight recklessly!
You are too injured to fight recklessly!
You are too injured to fight recklessly!
You are too injured to fight recklessly!
You are too injured to fight recklessly!
You are too injured to fight recklessly!
Harold gestures at you while chanting. A sentinel's mark forms upon you.
Your shield is strengthened by the Shining One's divine power.
Harold throws a throwing net.
The throwing net hits you.
You become entangled in the net!
You struggle against the net.
You struggle against the net.
Harold hits you with a +5 war axe of freezing.
* * * LOW HITPOINT WARNING * * *
Harold freezes you.
* * * LOW HITPOINT WARNING * * *
You shred the net and break free! Harold gestures at you while chanting.
The mark upon you grows brighter.
You feel very mighty all of a sudden. You block Harold's attack.
You impale Harold!! You headbutt Harold!
Harold is severely wounded.
Harold hits you with a +5 war axe of freezing!
* * * LOW HITPOINT WARNING * * *
Harold freezes you.
You die...

#...>......#
##.#######.# #..#
#.# ####..# #.###
#..†..# #.#..
#.##..# #.#.# ..
#..# #.#.# ##
#..#######.#@###...
#..........@........
#.###########.##.##.
#...# .# ###<# .#
##.## ?# ## #...# $#
.# #...# .# .# #)..#
.######)..####


You could see Harold.

Vanquished Creatures
  A two-headed ogre (D:5)
  3 steam dragons
  Eustachio (D:5)
  2 ice beasts
  4 necrophages
  3 ogres
  A phantom (D:5)
  Blork the orc (D:4)
  A scorpion (D:7)
  A wyvern skeleton (D:7)
  A howler monkey (D:5)
  A centaur zombie (D:6)
  A jelly (D:6)
  An orc priest (D:6)
  3 hounds
  A gnoll shaman (D:6)
  A bullfrog skeleton (D:6)
  3 centaur skeletons
  3 orc wizards
  Ijyb (D:3)
  Terence (D:3)
  3 iguanas
  A hound zombie (D:5)
  A hound skeleton (D:5)
  7 gnolls
  12 adders
  A howler monkey skeleton (D:5)
  A white imp (D:5)
  2 adder skeletons (D:4)
  2 worms (D:2)
  2 dart slugs
  17 orcs
  7 endoplasms
  A giant cockroach (D:2)
  5 goblins
  6 hobgoblins
  7 jackals
  3 quokkas
  5 ball pythons
  4 bats
  3 frilled lizards (D:2)
  5 kobolds
  5 rats
135 creatures vanquished.

Vanquished Creatures (others)
  2 fungi (D:4)
  2 plants (D:4)
4 creatures vanquished.

Grand Total: 139 creatures vanquished

Notes
Turn   | Place    | Note
-------+----------+-------------------------------------------
     0 | D:1      | raph the Minotaur Fighter began the quest for the Orb.
     0 | D:1      | Reached XP level 1. HP: 19/19 MP: 0/0
   115 | D:1      | Reached skill level 3 in Polearms
   355 | D:1      | Reached XP level 2. HP: 22/26 MP: 1/1
   465 | D:1      | You fall into a shaft and drop 1 floor!
   621 | D:1      | Found a faded altar of an unknown god.
   633 | D:1      | Reached skill level 4 in Polearms
   639 | D:1      | Became a worshipper of the Shining One
   639 | D:1      | Reached * piety under the Shining One
  1012 | D:2      | Reached XP level 3. HP: 31/31 MP: 2/2
  1164 | D:2      | Reached skill level 5 in Polearms
  1629 | D:2      | Reached XP level 4. HP: 38/39 MP: 3/3
  1933 | D:3      | Noticed MajorAdolf's ghost (amateur NaWn)
  1934 | D:3      | Found a runed translucent gate.
  1935 | D:3      | Found a runed translucent gate.
  1935 | D:3      | Found a runed translucent gate.
  1960 | D:3      | Noticed Ijyb
  1960 | D:3      | Noticed Terence
  1960 | D:3      | Reached ** piety under the Shining One
  2173 | D:3      | Reached skill level 6 in Polearms
  2181 | D:3      | Reached XP level 5. HP: 35/45 MP: 4/4
  2366 | D:3      | Reached skill level 7 in Polearms
  2505 | D:3      | Killed Terence
  2516 | D:3      | Killed Ijyb
  2590 | D:3      | Noticed an ice beast
  2602 | D:3      | Killed an ice beast
  2603 | D:3      | Reached skill level 8 in Polearms
  2603 | D:3      | Reached XP level 6. HP: 27/51 MP: 5/5
  3041 | D:4      | Found an ancient bone altar of Kikubaaqudgha.
  3412 | D:4      | Found a broken altar of Ashenzari.
  3416 | D:4      | Saw a vision of the Swamp and the Spider Nest.
  3416 | D:4      | Noticed a swamp drake
  3416 | D:4      | Noticed a hornet
  3416 | D:4      | Noticed a redback
  3416 | D:4      | Noticed a redback
  3416 | D:4      | Noticed a redback
  3416 | D:4      | Noticed a wolf spider
  3416 | D:4      | Noticed a goliath frog
  3416 | D:4      | Noticed a vampire mosquito
  3416 | D:4      | Noticed a vampire mosquito
  3416 | D:4      | Noticed a hornet
  3416 | D:4      | Noticed a wolf spider
  3416 | D:4      | Noticed a will-o-the-wisp
  3421 | D:4      | Noticed a hornet
  3488 | D:4      | Found an iron altar of Okawaru.
  3548 | D:4      | Noticed Blork the orc
  3555 | D:4      | Killed Blork the orc
  3556 | D:4      | Reached skill level 9 in Polearms
  3761 | D:5      | Entered Level 5 of the Dungeon
  3772 | D:5      | Reached XP level 7. HP: 57/57 MP: 6/6
  3796 | D:5      | Noticed Eustachio
  3800 | D:5      | Reached skill level 10 in Polearms
  3823 | D:5      | Killed Eustachio
  3886 | D:5      | Noticed a two-headed ogre
  3895 | D:5      | Killed a two-headed ogre
  3896 | D:5      | Reached skill level 12 in Polearms
  3896 | D:5      | Reached XP level 8. HP: 24/64 MP: 7/7
  3920 | D:5      | Reached *** piety under the Shining One
  4301 | D:5      | Got Sif Muna's Incunabulum of Transformation
  4400 | D:5      | Reached skill level 13 in Polearms
  4811 | D:5      | Found a glowing silver altar of Zin.
  4820 | D:5      | Found an ornate altar of the Wu Jian Council.
  4885 | D:6      | Reached XP level 9. HP: 64/70 MP: 8/8
  5181 | D:6      | Reached skill level 14 in Polearms
  5340 | D:6      | Found a staircase to the Ecumenical Temple.
  5517 | D:6      | Reached skill level 1 in Dodging
  5545 | D:6      | Reached skill level 1 in Invocations
  5970 | D:6      | Reached **** piety under the Shining One
  6318 | D:7      | Noticed Harold
  6331 | D:7      | Slain by Harold

Illustrated notes

Levels and vault maps discovered:
D:1:      onia_arrival_mini_spirals, layout_basic,
          chequers_ecumenical_altar_simple_redux
D:2:      layout_loops_ring, minmay_hexomino_c4
D:3:      layout_rooms, gammafunk_ghost_split, uniq_ijyb, uniq_terence
D:4:      layout_basic, grunt_ashenzari_visionary
          [grunt_ashenzari_visionary_swamp, grunt_ashenzari_visionary_spider],
          mainiacjoe_overflow_paths, mainiacjoe_overflow_surrounded_room,
          uniq_blork_the_orc
D:5:      layout_cave_pools, mainiacjoe_overflow_swirl, st_stairs_1,
          minivault_23, kennysheep_generic_room_14, uniq_eustachio
D:6:      layout_loops_corners, minmay_temple_entry_stoned_glass
D:7:      layout_loops_cross, grunt_temple_overflow_diamond, uniq_harold

Skill      XL: |  1  2  3  4  5  6  7  8  9 |
---------------+----------------------------+-----
Polearms       | 3 4 5 6 8 9 12 13 14 | 14.0
Dodging        | 2 |  2.5
Fighting       | 4 |  4.8
Armour         | 4 |  4.8
Shields        | 4 |  4.3
Invocations    | 2 |  2.3

Action                   |  1- 3 |  4- 6 |  7- 9 || total
-------------------------+-------+-------+-------++-------
Melee: Trident           |   100 |   127 |   198 ||   425
       Headbutt          |     6 |    21 |    45 ||    72
Throw: Throwing net      |       |     1 |       ||     1
Invok: Divine Shield     |       |       |     1 ||     1
  Use: Scroll            |       |     8 |     6 ||    14
       Potion            |       |       |     1 ||     1
Armor: Scale mail        |    26 |    36 |    54 ||   116
Dodge: Dodged            |    26 |    31 |    30 ||    87
Block: Kite shield       |    42 |    51 |    62 ||   155
